 Dungeon Crawl Stone Soup version 0.29-a0-520-gc852659d43 (console) character file.

Game seed: 4062153648189954154

2205 capslocke the Insei (level 9, -3/68 HPs)
             Began as a Gnoll Transmuter on June 1, 2022.
             Was an Initiate of Ru.
             Slain by purpskrrrp's ghost (7 damage)
             ... on level 7 of the Dungeon.
             The game lasted 00:38:57 (9587 turns).

capslocke the Insei (Gnoll Transmuter)              Turns: 9587, Time: 00:38:57

Health: -3/68      AC: 11    Str: 17    XL:     9   Next: 34%
Magic:  18/18      EV: 12    Int: 13    God:    Ru [......]
Gold:   130        SH:  0    Dex: 13    Spells: 18/21 levels left

rFire   + . .      SeeInvis .   s - +0 trident (protect)
rCold   + . .      Faith    .   (no shield)
rNeg    + . .      Spirit   .   q - +1 scale mail of Gozag's Generosity {rElec rC+}
rPois   .          Reflect  .   v - +0 helmet
rElec   +          Harm     .   (no cloak)
rCorr   .          Rampage  .   (no gloves)
Will    .....                   D - +1 pair of boots of the Grand Shrike {Str+4}
Stlth   +.........              z - amulet of magic regeneration
HPRegen 0.21/turn               g - ring of positive energy
MPRegen 0.56/turn               C - ring of protection from fire

@: attractive, flying
A: fangs 1, strong nose, distributed training
a: Renounce Religion


You were on level 7 of the Dungeon.
You worshipped Ru.
Ru was noncommittal.
You visited 1 branch of the dungeon, and saw 8 of its levels.

You collected 348 gold pieces.
You spent 218 gold pieces at shops.

Inventory:

Hand Weapons
 j - a +2 vorpal spear
 s - a +0 trident of protection (weapon)
 G - a +2 vorpal long sword
Missiles
 w - 2 atropa-tipped darts (quivered)
Armour
 a - a +0 robe
 p - a +0 leather armour
 q - the +1 scale mail of Gozag's Generosity (worn) {rElec rC+}
   (You found it on level 3 of the Dungeon)

   rC:        It protects you from cold.
   rElec:     It insulates you from electricity.
 v - a +0 helmet (worn)
 y - +2 steam dragon scales
 D - the +1 pair of boots of the Grand Shrike (worn) {Str+4}
   (You bought it in a shop on level 1 of the Dungeon)

   Str:       It affects your strength (+4).
Jewellery
 g - a ring of positive energy (left hand)
 z - an amulet of magic regeneration (around neck)
 C - a ring of protection from fire (right hand)
Wands
 f - a wand of polymorph (12)
 F - a wand of digging (6)
Scrolls
 c - a scroll of fog
 d - 2 scrolls of amnesia
 e - a scroll of blinking
 k - a scroll of vulnerability {unknown}
 l - 3 scrolls of noise
 m - 2 scrolls of poison {unknown}
 t - a scroll of immolation {unknown}
 x - 2 scrolls of magic mapping
 A - a scroll of teleportation {unknown}
 E - a scroll of brand weapon {unknown}
 H - a scroll of fear {unknown}
Potions
 b - 4 potions of lignification
 h - a potion of flight
 i - a potion of attraction
 r - 2 potions of curing {unknown}
 u - 2 potions of haste {unknown}
 B - a potion of mutation {unknown}


   Skills:
 + Level 5.0 Fighting
 + Level 4.1 Short Blades
 + Level 4.1 Long Blades
 + Level 4.1 Axes
 + Level 4.1 Maces & Flails
 + Level 4.1 Polearms
 + Level 4.1 Staves
 + Level 4.1 Slings
 + Level 4.1 Bows
 + Level 4.1 Crossbows
 + Level 4.1 Throwing
 + Level 4.1 Armour
 + Level 6.2 Dodging
 + Level 4.1 Stealth
 + Level 4.1 Shields
 + Level 7.8 Unarmed Combat
 + Level 6.6 Spellcasting
 + Level 3.4 Conjurations
 + Level 3.4 Hexes
 + Level 3.4 Summonings
 + Level 3.4 Necromancy
 + Level 3.4 Translocations
 + Level 5.2 Transmutations
 + Level 3.4 Fire Magic
 + Level 3.4 Ice Magic
 + Level 3.4 Air Magic
 + Level 3.4 Earth Magic
 + Level 3.4 Poison Magic
 + Level 4.5 Invocations
 + Level 4.1 Evocations


You had 18 spell levels left.
You knew the following spells:

 Your Spells              Type           Power      Damage    Failure   Level
a - Beastly Appendage     Tmut           34%        N/A       6%          1
b - Wereblood             Tmut           17%        N/A       9%          2

Your spell library contained the following spells:

 Spells                   Type           Power      Damage    Failure   Level
 Necrotize                Necr           52%        1d6       13%         1
 Summon Small Mammal      Summ           52%        N/A       13%         1
 Passwall                 Tmut/Erth      12%        N/A       13%         2
 Blink                    Tloc           26%        N/A       19%         2
 Ensorcelled Hibernation  Hex/Ice        26%        N/A       19%         2
 Spider Form              Tmut/Pois      15%        N/A       26%         3
 Call Canine Familiar     Summ           13%        N/A       36%         3
 Summon Guardian Golem    Hex/Summ       13%        N/A       36%         3
 Swiftness                Air            13%        N/A       36%         3
 Vampiric Draining        Necr           13%        2d6       36%         3
 Ice Form                 Ice/Tmut       15%        N/A       65%         4
 Animate Dead             Necr           13%        N/A       77%         4
 Agony                    Necr           13%        N/A       98%         5
 Borgnjor's Vile Clutch   Necr/Erth      6%         N/A       98%         5
 Manifold Assault         Tloc           13%        N/A       98%         5
 Death Channel            Necr           6%         N/A       100%        6
 Storm Form               Tmut/Air       7%         N/A       100%        7


Dungeon Overview and Level Annotations

Branches:
Dungeon (8/15)             Temple (0/1) D:7
   Lair: D:8-11

Altars:
Fedhas
Gozag
Kikubaaqudgha
Ru
Trog

Shops:
D:1 ([[

Annotations:
D:7 purpskrrrp's ghost, novice DsBe


Innate Abilities, Weirdness & Mutations

You have very sharp teeth.
Your uncanny sense of smell can sniff out nearby items.
Your experience applies equally to all skills.


Message History

Purpskrrrp's ghost hits you but does no damage.
You hit purpskrrrp's ghost but do no damage.
Purpskrrrp's ghost hits you but does no damage.
You completely miss purpskrrrp's ghost.
Purpskrrrp's ghost hits you but does no damage.
You closely miss purpskrrrp's ghost.
Purpskrrrp's ghost says, "Crushing you to a pulp will hurt a lot.
After that?
Painless!
I promise!"
Purpskrrrp's ghost hits you!
You miss purpskrrrp's ghost. Purpskrrrp's ghost barely misses you.
Purpskrrrp's ghost hits you!
You hit purpskrrrp's ghost but do no damage.
Your bite misses purpskrrrp's ghost.
Purpskrrrp's ghost says, "They'll have to sweep you off the floor after I'm finished with you!"
Purpskrrrp's ghost hits you.
You barely miss purpskrrrp's ghost.
Purpskrrrp's ghost screams, "What do you have that I didn't have?"
Purpskrrrp's ghost hits you.
You hit purpskrrrp's ghost.
Purpskrrrp's ghost is lightly damaged.
Purpskrrrp's ghost hits you!
* * * LOW HITPOINT WARNING * * *
There is a stone staircase leading up here.
Purpskrrrp's ghost hits you but does no damage.
You climb upwards.
There is a stone staircase leading down here.
You barely miss purpskrrrp's ghost.
Purpskrrrp's ghost is lightly damaged.
Purpskrrrp's ghost barely misses you.
You closely miss purpskrrrp's ghost.
Purpskrrrp's ghost is lightly damaged.
Purpskrrrp's ghost hits you!
* * * LOW HITPOINT WARNING * * *
It was a potion of flight.
You feel very buoyant.
You fly up into the air.
Purpskrrrp's ghost hits you but does no damage.
It was a potion of attraction.
You feel attractive to monsters. Purpskrrrp's ghost hits you!
You die...

.................##.# #.#........
######...>....[####.###.#.####.##
#.###.###.# #.....#.#...... #.#
#.# #.# ###.###.#.##.##
#.###.###.# #.###.#.#...#
#......##.# #.#......._..
#.###.###.# #...#.#.#...# #.# ###
#.########.#.#.##.## #.#
#.W@.......#.#...... #.#
##########.#.####.## #.#
#)#....[).. #.# #.######.##
#.####### #.# #....
######.......##########.# ####.
#...............##...##.#### #..
#.####.#####.##.#.....#.##.## #..
#.# #..# #.##.#...........###..


You could see purpskrrrp's ghost.

Vanquished Creatures
  Sigmund (D:3)
  Menkaure (D:7)
  2 sky beasts
  2 ice beasts (D:8)
  2 ogres
  A centaur (D:6)
  A phantom (D:4)
  A kobold brigand (D:6)
  A gnoll sergeant (D:7)
  2 necrophages
  3 scorpions
  4 wights (D:7)
  2 hounds
  A jelly (D:6)
  A gnoll shaman (D:7)
  An iguana (D:5)
  5 orc wizards
  A killer bee simulacrum (D:8)
  Robin (D:4)
  14 gnolls
  6 adders
  2 white imps
  A howler monkey simulacrum (D:8)
  3 worms
  3 dart slugs
  10 orcs
  4 ball pythons
  7 endoplasms
  5 giant cockroaches
  16 goblins
  10 hobgoblins
  4 jackals (D:4)
  3 quokkas (D:1)
  4 bats
  2 frilled lizards (D:1)
  13 kobolds
  3 rats
143 creatures vanquished.

Vanquished Creatures (others)
  2 plants (D:3)
2 creatures vanquished.

Grand Total: 145 creatures vanquished

Notes
Turn   | Place    | Note
-------+----------+-------------------------------------------
     0 | D:1      | capslocke the Gnoll Transmuter began the quest for the Orb.
     0 | D:1      | Reached XP level 1. HP: 17/17 MP: 6/6
   391 | D:1      | Found Ucil's Antique Weapon Shoppe.
   407 | D:1      | Reached XP level 2. HP: 8/23 MP: 7/7
   729 | D:1      | Found Joshiofa's Antique Armour Shop.
   843 | D:1      | Found Iprisus's Antique Armour Shop.
  1082 | D:1      | Reached XP level 3. HP: 28/28 MP: 9/9
  1192 | D:1      | Reached skill level 5 in Spellcasting
  1481 | D:2      | Found a faded altar of an unknown god.
  1943 | D:2      | Reached skill level 1 in Invocations
  2126 | D:2      | Reached skill level 1 in Short Blades
  2126 | D:2      | Reached skill level 1 in Long Blades
  2126 | D:2      | Reached skill level 1 in Axes
  2126 | D:2      | Reached skill level 1 in Maces & Flails
  2126 | D:2      | Reached skill level 1 in Polearms
  2126 | D:2      | Reached skill level 1 in Staves
  2126 | D:2      | Reached skill level 1 in Slings
  2126 | D:2      | Reached skill level 1 in Bows
  2126 | D:2      | Reached skill level 1 in Crossbows
  2126 | D:2      | Reached skill level 1 in Throwing
  2126 | D:2      | Reached skill level 1 in Armour
  2126 | D:2      | Reached skill level 1 in Stealth
  2126 | D:2      | Reached skill level 1 in Shields
  2126 | D:2      | Reached skill level 1 in Evocations
  2160 | D:3      | Found a bloodstained altar of Trog.
  2179 | D:3      | Reached XP level 4. HP: 34/34 MP: 11/11
  2668 | D:3      | Identified the +1 scale mail of Gozag's Generosity {rElec
                  | rC+}
  2854 | D:3      | Found a blossoming altar of Fedhas.
  2869 | D:3      | Noticed Sigmund
  2889 | D:3      | Killed Sigmund
  2890 | D:3      | Reached skill level 1 in Conjurations
  2890 | D:3      | Reached skill level 1 in Hexes
  2890 | D:3      | Reached skill level 1 in Summonings
  2890 | D:3      | Reached skill level 1 in Necromancy
  2890 | D:3      | Reached skill level 1 in Translocations
  2890 | D:3      | Reached skill level 1 in Fire Magic
  2890 | D:3      | Reached skill level 1 in Ice Magic
  2890 | D:3      | Reached skill level 1 in Air Magic
  2890 | D:3      | Reached skill level 1 in Earth Magic
  2890 | D:3      | Reached skill level 1 in Poison Magic
  2890 | D:3      | Reached XP level 5. HP: 16/41 MP: 12/12
  2890 | D:3      | Reached XP level 6. HP: 19/47 MP: 13/13
  3111 | D:3      | Found an ancient bone altar of Kikubaaqudgha.
  3411 | D:4      | Noticed Robin
  3627 | D:4      | Killed Robin
  3740 | D:4      | Reached skill level 5 in Dodging
  3858 | D:4      | Reached skill level 7 in Unarmed Combat
  3858 | D:4      | Reached XP level 7. HP: 43/52 MP: 15/15
  4148 | D:4      | Learned a level 2 spell: Wereblood
  4811 | D:5      | Entered Level 5 of the Dungeon
  5629 | D:1      | Bought a pair of transparent boots for 218 gold pieces
  5629 | D:1      | Identified the +1 pair of boots of the Grand Shrike {Str+4}
                  | (You bought it in a shop on level 1 of the Dungeon)
  5996 | D:6      | Noticed Pikel
  6008 | D:6      | Noticed Pikel
  6008 | D:6      | Pikel changed into Pikel the worm
  6011 | D:6      | Killed Pikel the worm
  6259 | D:6      | Reached XP level 8. HP: 40/57 MP: 16/16
  7302 | D:7      | Found a staircase to the Ecumenical Temple.
  7504 | D:7      | Noticed Maggie
  7914 | D:7      | Found a sacrificial altar of Ru.
  7956 | D:7      | Reached skill level 5 in Transmutations
  7956 | D:7      | Reached XP level 9. HP: 35/66 MP: 18/18
  8112 | D:7      | Became a worshipper of Ru the Awakened
  8251 | D:7      | Noticed Maggie
  8251 | D:7      | Maggie changed into Maggie the adder
  8253 | D:7      | Killed Maggie the adder
  8571 | D:7      | Noticed Menkaure
  8578 | D:7      | Killed Menkaure
  8945 | D:7      | Found an opulent altar of Gozag.
  9257 | D:8      | Found a runed translucent gate.
  9258 | D:8      | Found a runed translucent gate.
  9258 | D:8      | Found a runed translucent gate.
  9308 | D:8      | Reached skill level 5 in Fighting
  9317 | D:8      | Noticed purpskrrrp's ghost (novice DsBe)
  9585 | D:7      | HP: 3/68 [purpskrrrp's ghost (13)]
  9587 | D:7      | Slain by purpskrrrp's ghost

Illustrated notes

Levels and vault maps discovered:
D:1:      dpeg_arrival_simpleton_b, layout_loops_corners, serial_shops,
          nicolae_shop_behind_doors, shop, shop
D:2:      layout_basic, basic_ecumenical_altar
D:3:      layout_loops_corners, fedhas_ov_isle_minmay,
          mainiacjoe_overflow_big_doors, nicolae_figureground_sparkle,
          uniq_sigmund
D:4:      layout_basic, serial_bayou_pond_e, hex_intersection, uniq_robin
D:5:      layout_basic, minivault_11
D:6:      layout_gridville, uniq_pikel
D:7:      layout_loops_ring, nicolae_ru_sacrificial_ziggurat,
          mainiacjoe_overflow_alcove_2, minmay_temple_entry_tees, uniq_maggie,
          uniq_menkaure
D:8:      corexii_shack_village, layout_loops_ring, gammafunk_ghost_icy,
          enter_bailey_2, the_hattery

Skill      XL: |  1  2  3  4  5  6  7  8  9 |
---------------+----------------------------+-----
Spellcasting   | 5 6 |  6.6
Invocations    | 1 2 3 4 |  4.5
Short Blades   | 1 2 3 4 |  4.1
Long Blades    | 1 2 3 4 |  4.1
Axes           | 1 2 3 4 |  4.1
Maces & Flails | 1 2 3 4 |  4.1
Polearms       | 1 2 3 4 |  4.1
Staves         | 1 2 3 4 |  4.1
Slings         | 1 2 3 4 |  4.1
Bows           | 1 2 3 4 |  4.1
Crossbows      | 1 2 3 4 |  4.1
Throwing       | 1 2 3 4 |  4.1
Armour         | 1 2 3 4 |  4.1
Stealth        | 1 2 3 4 |  4.1
Shields        | 1 2 3 4 |  4.1
Evocations     | 1 2 3 4 |  4.1
Fighting       | 3 4 5 |  5.0
Conjurations   | 1 2 3 |  3.4
Hexes          | 1 2 3 |  3.4
Summonings     | 1 2 3 |  3.4
Necromancy     | 1 2 3 |  3.4
Translocations | 1 2 3 |  3.4
Transmutations | 4 5 |  5.2
Fire Magic     | 1 2 3 |  3.4
Ice Magic      | 1 2 3 |  3.4
Air Magic      | 1 2 3 |  3.4
Earth Magic    | 1 2 3 |  3.4
Poison Magic   | 1 2 3 |  3.4
Dodging        | 5 6 |  6.2
Unarmed Combat | 7 |  7.8

Action                   |  1- 3 |  4- 6 |  7- 9 || total
-------------------------+-------+-------+-------++-------
Melee: Unarmed           |    67 |       |       ||    67
       Bite              |     5 |     7 |    55 ||    67
       Kick              |     5 |     3 |    16 ||    24
       Headbutt          |     3 |     2 |     7 ||    12
       Spear             |    19 |   119 |   337 ||   475
       Punch             |       |     5 |    20 ||    25
       Trident           |       |       |   149 ||   149
Throw: Dart              |       |     7 |     8 ||    15
 Cast: Beastly Appendage |     6 |     6 |    13 ||    25
       Wereblood         |       |       |     2 ||     2
Evoke: Wand              |       |     1 |    14 ||    15
  Use: Potion            |       |     1 |     5 ||     6
       Scroll            |       |       |     9 ||     9
 Stab: Sleeping          |     5 |     1 |       ||     6
       Invisible         |       |     1 |       ||     1
Armor: Robe              |    22 |       |       ||    22
       Scale mail        |       |    37 |   221 ||   258
Dodge: Dodged            |    58 |    63 |   207 ||   328

Table legend: (Time is in decaauts)
 A = Elapsed time spent in this place.
 B = Non-inter-level travel time spent in this place.
 C = Inter-level travel time spent in this place.
 D = Time resting spent in this place.
 E = Time spent auto-exploring this place.
 F = Levels seen in this place.
 G = Mean time per level.
                   A        B        C        D        E       F      G
               +--------+--------+--------+--------+--------+-----+--------+
         Total |   9588 |   9147 |    441 |   3206 |   4425 |   8 | 1198.5 |
       Dungeon |   9588 |   9147 |    441 |   3206 |   4425 |   8 | 1198.5 |
               +--------+--------+--------+--------+--------+-----+--------+

Top non-repeatable levels by time:
     D:7: 2040 daAuts
     D:6: 1671 daAuts
     D:1: 1538 daAuts
     D:3: 1522 daAuts
     D:4: 1228 daAuts
     D:5: 738 daAuts
     D:2: 706 daAuts
     D:8: 143 daAuts
